 Dungeon Sprint DCSS version 0.19.1 (webtiles) character file.

3586 equalderp2856 the Ripper (level 9, -11/46 HPs)
             Began as a Felid Fighter on Nov 27, 2016.
             Was a Believer of Ru.
             Killed from afar by an ice dragon (46 damage)
             ... with a blast of cold
             ... in the Dungeon (Sprint IX: "|||||||||||||||||||||||||||||").
             The game lasted 00:05:52 (2372 turns).

equalderp2856 the Ripper (Felid Fighter)            Turns: 2372, Time: 00:05:52

Health: -11/46     AC:  2    Str: 16    XL:     9   Next: 85%
Magic:  10/10      EV: 28    Int: 10    God:    Ru [**....]
Gold:   0          SH:  0    Dex: 21    Spells: 0 memorised, 8 levels left
                                        Lives:  0   Deaths: 3

rFire  . . .     SeeInvis +       - Unarmed
rCold  . . .     Gourm    .     (armour unavailable)
rNeg   . . .     Faith    .     (shield unavailable)
rPois  .         Spirit   .     (helmet unavailable)
rElec  .         Reflect  .     (cloak unavailable)
rCorr  .         Harm     .     (gloves unavailable)
MR     +....     NoTele   +     (boots unavailable)
Stlth  ++++......               (no amulet)
                                m - +3 ring of dexterity
                                n - +3 ring of strength

@: quick
A: no armour, no weapons or thrown items, stealth, claws 1, fangs 3, see
invisible, carnivore 3, speed 1, shaggy fur 2, slow metabolism 1, reduced EV 1,
unskilled 1, sharp paws
a: Renounce Religion


You were in the Dungeon.
You worshipped Ru.
Ru was pleased with you.
You were not hungry.

You visited 1 branch

Inventory:

Jewellery
 m - a +3 ring of dexterity (right paw)
 n - a +3 ring of strength (left paw)
Wands
 l - a wand of acid (7/15)
Scrolls
 h - 3 scrolls of blinking
 j - 3 scrolls of remove curse
 k - 2 scrolls of amnesia
 q - a scroll of identify
 r - a scroll of fog
 s - a scroll of recharging
 t - a scroll of fear
Potions
 a - a potion of might
 c - 5 potions of curing
 d - 5 potions of heal wounds
 e - 2 potions of haste
 f - 4 potions of magic
 g - a potion of berserk rage
 i - a potion of invisibility
 o - a potion of brilliance
 p - a potion of agility
Comestibles
 b - a meat ration


   Skills:
 + Level 9.4 Fighting
 + Level 13.4 Dodging
 + Level 6.3 Stealth
 + Level 19.7 Unarmed Combat


You had 8 spell levels left.
You didn't know any spells.

Dungeon Overview and Level Annotations

Branches:
Dungeon (1/1)

Altars:
Cheibriados
Dithmenos
Elyvilon
Fedhas
Gozag
Hepliaklqana
Kikubaaqudgha
Makhleb
Nemelex Xobeh
Okawaru
Qazlal
Ru
Sif Muna
Trog
Uskayaw
Vehumet
Xom
Yredelemnul
Zin
The Shining One
Beogh
Jiyva
Lugonu

Shops:
D =


Innate Abilities, Weirdness & Mutations

You cannot wear armour.
You are incapable of wielding weapons or throwing items.
Your paws allow you to move quietly. (Stealth)
You have sharp claws.
You have razor-sharp teeth.
You have supernaturally acute eyesight. (SInv)
You are carnivorous and can eat meat at any time.
You cover ground quickly.
You are covered in thick fur. (AC +2)
You have a slow metabolism.
You have somewhat slow reflexes. (EV -3)
You are somewhat unskilled. (-1 Apt)
Your sharp claws are effective at attacking unaware monsters.


Message History

A frost giant is wielding a battleaxe of freezing.
The centaur warrior shouts!
An ice dragon comes into view.
The stone giant shouts!
The ice dragon roars deafeningly!
The frost giant shouts!
The great orb of eyes turns its gaze towards you.
The ogre mage shouts!
There is an open door to the Dungeon here.
You closely miss the ice dragon.
The ice dragon roars deafeningly!
You claw the ice dragon.
The ice dragon is lightly wounded.
The ice dragon misses you. The ice dragon claws you!
The ice dragon tramples you.
You stumble backwards!
You mangle the ice dragon!! You claw the ice dragon!
The ice dragon is moderately wounded.
The ice dragon breathes frost at you. The blast of cold hits you!
Ouch! That really hurt!
You die...

▓▓▓▓▓▓▓▓▓▓▓▓▓▓▓▓▓▓▓▓▓▓▓▓▓▓▓▓▓▓▓▓▓
.................................
.▓▓▓▓▓▓▓▓▓▓▓▓▓▓▓▓▓▓▓▓▓▓▓▓▓▓▓▓▓▓▓▓
................@DC.CGOcD
▓▓▓▓▓▓▓▓▓▓▓▓▓▓▓▓▓▓▓▓▓▓▓▓▓


You could see a frost giant, an ice dragon, a stone giant, a great orb of eyes,
a centaur warrior and an ogre mage.

Vanquished Creatures
  Frances (D)
  A hydra (D)
  5 death yaks (D)
  A hill giant (D)
  An elephant (D)
  3 spiny frogs (D)
  2 komodo dragons (D)
  A blink frog (D)
  A hippogriff (D)
  A yak (D)
  A basilisk (D)
  2 water moccasins (D)
  3 porcupines (D)
  An orc warrior (D)
  A necrophage (D)
  An ogre (D)
  A wolf (D)
  2 crocodiles (D)
  A bullfrog (D)
  A wight (D)
  A howler monkey (D)
  2 crimson imps (D)
  A jelly (D)
  A worker ant (D)
  An adder zombie (D)
  5 orcs (D)
  A bat zombie (D)
  A giant cockroach (D)
  2 goblins (D)
  A kobold (D)
  A bat (D)
48 creatures vanquished.

Notes
Turn   | Place    | Note
-------+----------+-------------------------------------------
     0 | D        | equalderp2856 the Felid Fighter began the quest for the Orb.
     0 | D        | Reached XP level 1. HP: 10/10 MP: 2/2
    19 | D        | Noticed an ogre
    19 | D        | Noticed a necrophage
    19 | D        | Noticed a howler monkey
    19 | D        | Noticed a jelly
    26 | D        | Killed an ogre
    26 | D        | Reached skill level 7 in Unarmed Combat
    26 | D        | Reached XP level 2. HP: 15/15 MP: 3/3
    26 | D        | Reached XP level 3. HP: 18/18 MP: 4/4
    26 | D        | Reached XP level 4. HP: 22/22 MP: 5/5
    34 | D        | Killed a necrophage
    34 | D        | Reached skill level 5 in Fighting
    34 | D        | Reached skill level 9 in Unarmed Combat
    34 | D        | Reached XP level 5. HP: 20/27 MP: 6/6
    38 | D        | Reached skill level 10 in Unarmed Combat
   193 | D        | Found a roughly hewn altar of Beogh.
   193 | D        | Found a snail-covered altar of Cheibriados.
   193 | D        | Found a shadowy altar of Dithmenos.
   193 | D        | Found a white marble altar of Elyvilon.
   193 | D        | Found a blossoming altar of Fedhas.
   193 | D        | Found an opulent altar of Gozag.
   194 | D        | Found a hazy altar of Hepliaklqana.
   195 | D        | Found a viscous altar of Jiyva.
   196 | D        | Found an ancient bone altar of Kikubaaqudgha.
   197 | D        | Found a corrupted altar of Lugonu.
   198 | D        | Found a burning altar of Makhleb.
   199 | D        | Found a sparkling altar of Nemelex Xobeh.
   200 | D        | Found an iron altar of Okawaru.
   201 | D        | Found a stormy altar of Qazlal.
   202 | D        | Found a sacrificial altar of Ru.
   203 | D        | Found a deep blue altar of Sif Muna.
   204 | D        | Found a bloodstained altar of Trog.
   205 | D        | Found a hide-covered altar of Uskayaw.
   206 | D        | Found a radiant altar of Vehumet.
   207 | D        | Found a shimmering altar of Xom.
   208 | D        | Found a basalt altar of Yredelemnul.
   209 | D        | Found a glowing silver altar of Zin.
   210 | D        | Found a glowing golden altar of the Shining One.
   242 | D        | Became a worshipper of Ru the Awakened
   270 | D        | Noticed a hill giant
   272 | D        | Gained mutation: You are covered in thick fur. (AC +2) [Felid growth]
   272 | D        | Reached XP level 6. HP: 31/31 MP: 7/7
   283 | D        | Killed a hill giant
   283 | D        | Reached skill level 13 in Unarmed Combat
   283 | D        | Reached XP level 7. HP: 36/36 MP: 8/8
   285 | D        | Reached skill level 10 in Dodging
   320 | D        | Noticed a four-headed hydra
   328 | D        | Slain by a four-headed hydra
   329 | D        | Reached XP level 6. HP: -1/33 MP: 7/7
   344 | D        | Killed a four-headed hydra
   344 | D        | Reached skill level 15 in Unarmed Combat
   344 | D        | Reached XP level 7. HP: 37/37 MP: 8/8
   344 | D        | Reached XP level 8. HP: 41/41 MP: 9/9
   460 | D        | Noticed a komodo dragon
   460 | D        | Noticed a komodo dragon
   468 | D        | Noticed a spiny frog
   472 | D        | Killed a komodo dragon
   499 | D        | Killed a komodo dragon
   499 | D        | Reached skill level 16 in Unarmed Combat
   756 | D        | Reached XP level 9. HP: 39/45 MP: 10/10
   777 | D        | Gained mutation: You have somewhat slow reflexes. (EV -3) [Ru sacrifice]
   794 | D        | Killed a spiny frog
   794 | D        | Reached skill level 17 in Unarmed Combat
   980 | D        | Noticed a spiny frog
   980 | D        | Noticed an elephant
   990 | D        | Noticed a spiny frog
   993 | D        | Killed a spiny frog
  1257 | D        | Killed an elephant
  1257 | D        | Reached skill level 1 in Stealth
  1257 | D        | Reached skill level 18 in Unarmed Combat
  1278 | D        | Killed a spiny frog
  1278 | D        | Reached XP level 10. HP: 30/49 MP: 11/11
  1499 | D        | Noticed a death yak
  1499 | D        | Noticed a death yak
  1499 | D        | Noticed a death yak
  1499 | D        | Noticed a death yak
  1500 | D        | Noticed a death yak
  1502 | D        | Noticed a catoblepas
  1515 | D        | Killed a death yak
  1515 | D        | Reached skill level 19 in Unarmed Combat
  1801 | D        | Killed a death yak
  1941 | D        | Killed a death yak
  1941 | D        | Reached skill level 20 in Unarmed Combat
  1949 | D        | Killed a death yak
  1949 | D        | Reached skill level 10 in Fighting
  1949 | D        | Reached skill level 5 in Stealth
  2157 | D        | Killed a death yak
  2163 | D        | Slain by a catoblepas
  2164 | D        | Reached XP level 9. HP: -1/46 MP: 10/10
  2193 | D        | Found Xucwug's Jewellery Shoppe.
  2193 | D        | Noticed an orc knight
  2193 | D        | Noticed an orc knight
  2193 | D        | Noticed an orc knight
  2196 | D        | Noticed an orc knight
  2200 | D        | Mangled by an orc knight
  2201 | D        | Reached XP level 8. HP: -8/43 MP: 9/9
  2225 | D        | Noticed Frances
  2239 | D        | Gained mutation: You are somewhat unskilled. (-1 Apt) [Ru sacrifice]
  2239 | D        | Reduced skill Unarmed Combat to level 19
  2239 | D        | Reached * piety under Ru
  2239 | D        | Reached ** piety under Ru
  2241 | D        | Noticed an ice devil
  2244 | D        | Noticed an orange demon
  2244 | D        | Noticed a sixfirhy
  2254 | D        | Killed Frances
  2254 | D        | Reached XP level 9. HP: 46/46 MP: 10/10
  2369 | D        | Noticed an ice dragon
  2369 | D        | Noticed a stone giant
  2369 | D        | Noticed a frost giant
  2369 | D        | Noticed a great orb of eyes
  2369 | D        | Noticed an ogre mage
  2369 | D        | Noticed a centaur warrior
  2370 | D        | Noticed an ice dragon
  2372 | D        | Killed from afar by an ice dragon

Skill      XL: |  1  2  3  4  5  6  7  8  9 10 |
---------------+-------------------------------+-----
Fighting       | 4 5 6 8 9 9 10 |  9.4
Dodging        | 6 7 8 11 10 13 13 14 | 13.4
Unarmed Combat | 7 9 10 15 19 18 20 | 19.7
Stealth        | 6 2 5 |  6.3

Action                   |  1- 3 |  4- 6 |  7- 9 | 10-12 || total
-------------------------+-------+-------+-------+-------++-------
Melee: Unarmed           |    16 |    36 |   120 |    64 ||   236
       Bite              |     2 |     1 |    14 |     9 ||    26
       Punch             |     1 |       |    12 |    10 ||    23
Invok: Sacrifice Skill   |       |       |     1 |       ||     1
       Sacrifice Health  |       |       |     1 |       ||     1
  Use: Potion            |       |       |     2 |       ||     2
 Stab: Distracted        |       |       |       |     1 ||     1
       Petrified         |       |       |       |     1 ||     1
Armor: Skin              |     1 |       |       |     1 ||     2
Dodge: Dodged            |    10 |    25 |    69 |    33 ||   137
